 Dungeon Crawl Stone Soup version 0.31.0-32-g396128a36d (webtiles) character file.

Game seed: 12232483010534455921

846 Curundu the Chopper (level 7, 0/61 HPs)
             Began as a Minotaur Berserker on Mar 24, 2024.
             Was a Believer of Trog.
             Shot with an arrow by a centaur (8 damage)
             ... on level 4 of the Dungeon.
             The game lasted 00:08:25 (3095 turns).

Curundu the Chopper (Minotaur Berserker)            Turns: 3095, Time: 00:08:25

Health: 0/61       AC: 14    Str: 24    XL:     7   Next: 68%
Magic:  6/6        EV:  5    Int:  4    God:    Trog [**....]
Gold:   200        SH: 16    Dex:  9    Spells: 6/6 levels left

rFire   . . .        a - +0 hand axe
rCold   . . .        u - +0 tower shield
rNeg    . . .        g - +0 plate armour
rPois   .            (helmet restricted)
rElec   .            n - +0 cloak
rCorr   .            h - +0 pair of gloves
SInv    .            (no boots)
Will    +....        i - amulet of reflection Stlth
                     p - ring of willpower
HPRegen 0.30/turn    (no ring)
MPRegen 0.10/turn

%: reflection
@: on berserk cooldown, slowed, very slow
A: horns 2, retaliatory headbutt
a: Renounce Religion, Berserk, Trog's Hand


You were on level 4 of the Dungeon.
You worshipped Trog.
Trog was pleased with you.
You visited 1 branch of the dungeon, and saw 4 of its levels.

You collected 200 gold pieces.

Inventory:

Hand Weapons
 a - a +0 hand axe (weapon)
Missiles
 q - 5 boomerangs (quivered)
Armour
 g - a +0 plate armour (worn)
 h - a +0 pair of gloves (worn)
 n - a +0 cloak (worn)
 u - a +0 tower shield (worn)
Jewellery
 i - an amulet of reflection (around neck)
 j - a ring of flight
 p - a ring of willpower (left hand)
 s - a +6 ring of intelligence
Scrolls
 b - a scroll of teleportation {unknown}
 d - a scroll of amnesia {unknown}
 e - 2 scrolls of poison {unknown}
 k - a scroll of identify {unknown}
 l - a scroll of summoning {unknown}
 o - a scroll of noise {unknown}
 t - a scroll of revelation {unknown}
 v - a scroll of immolation {unknown}
Potions
 c - a potion of berserk rage {unknown}
 f - 2 potions of ambrosia {unknown}
 m - a potion of enlightenment {unknown}
 r - a potion of lignification {unknown}


   Skills:
 + Level 5.2 Fighting
 + Level 7.7 Axes
 + Level 5.2 Armour
 + Level 2.7 Dodging
 + Level 1.0 Stealth
 + Level 4.0 Shields


You had 6 spell levels left.
You didn't know any spells.
Your spell library was empty.

Dungeon Overview and Level Annotations

Branches:
Dungeon (4/15)
 Temple: D:4-7

Altars:
Sif Muna


Innate Abilities, Weirdness & Mutations

You have a pair of horns on your head.
You reflexively headbutt those who attack you in melee.


Message History

a +1 dagger of electrocution; an orc corpse You block the bombardier beetle's attack.
Things that are here:
a +1 dagger of distortion; a +0 robe You hit the bombardier beetle.
The bombardier beetle is moderately wounded.
You block the bombardier beetle's attack.
The hobgoblin throws a stone.
You block the stone with an invisible shield... and reflect it back!
The stone hits the hobgoblin.
You hit the bombardier beetle.
The bombardier beetle is heavily wounded.
You block the bombardier beetle's attack.
Unknown command.
You completely miss the bombardier beetle.
The bombardier beetle is heavily wounded.
The bombardier beetle bites you but does no damage.
You hit the bombardier beetle but do no damage.
The bombardier beetle is heavily wounded.
You barely miss the hobgoblin. You block the hobgoblin's attack.
You block the bombardier beetle's attack.
A centaur comes into view.
You block the hobgoblin's attack.
Unknown command.
You closely miss the bombardier beetle.
The bombardier beetle is heavily wounded.
The centaur shouts!
You hit the hobgoblin.
The hobgoblin hits you but does no damage.
You block the bombardier beetle's attack.
You block the hobgoblin's attack.
You hit the bombardier beetle. You headbutt the bombardier beetle.
You kill the bombardier beetle!
Trog accepts your kill.
You hit the hobgoblin.
You kill the hobgoblin!
Trog accepts your kill.
The centaur wields a +0 shortbow.
The centaur shoots an arrow.
The arrow hits you!
You die...

#... .# ...#####.#.##
#...##.!#..
#.......#.#
#......##.# . ##
###.........####..
...#....)............
.........).).....5#
.......)@)....)#..#
.###....<.....## #
#..........#
#....c.....#
...............
##.###.......$. #..
#..#.###.. ... ...###
#. .. ....


You could see a centaur.

Vanquished Creatures
  Pikel (D:4)
  Grinder (D:3)
  A lemure (D:4)
  A bombardier beetle (D:4)
  An orc priest (D:4)
  An orc wizard (D:4)
  3 gnolls (D:2)
  5 adders
  4 dart slugs
  2 ribbon worms (D:3)
  10 orcs
  4 bats
  7 endoplasms
  A giant cockroach (D:1)
  3 goblins
  4 hobgoblins
  7 jackals
  3 quokkas
  7 ball pythons
  3 kobolds (D:2)
  6 rats
75 creatures vanquished.

Notes
Turn   | Place    | Note
-------+----------+-------------------------------------------
     0 | D:1      | Curundu the Minotaur Berserker began the quest for the Orb.
     0 | D:1      | Reached XP level 1. HP: 19/19 MP: 0/0
   330 | D:1      | Reached XP level 2. HP: 27/27 MP: 1/1
   340 | D:1      | Reached skill level 4 in Axes
  1342 | D:2      | Reached XP level 3. HP: 33/33 MP: 2/2
  1475 | D:2      | Reached ** piety under Trog
  1745 | D:2      | Reached XP level 4. HP: 38/40 MP: 3/3
  1855 | D:2      | Reached skill level 5 in Axes
  1871 | D:2      | Found a faded altar of an unknown god.
  1999 | D:3      | Noticed Grinder
  2027 | D:3      | Killed Grinder
  2028 | D:3      | Reached skill level 6 in Axes
  2028 | D:3      | Reached XP level 5. HP: 33/47 MP: 4/4
  2028 | D:3      | Reached XP level 6. HP: 38/53 MP: 5/5
  2568 | D:3      | Found a shimmering blue altar of Sif Muna.
  3056 | D:4      | Noticed Pikel
  3062 | D:4      | Reached skill level 1 in Shields
  3077 | D:4      | Killed Pikel
  3078 | D:4      | Reached skill level 5 in Fighting
  3078 | D:4      | Reached skill level 7 in Axes
  3078 | D:4      | Reached skill level 5 in Armour
  3078 | D:4      | Reached skill level 1 in Stealth
  3078 | D:4      | Reached XP level 7. HP: 20/61 MP: 6/6
  3081 | D:4      | HP: 4/91 [something (7)]
  3095 | D:4      | Shot with an arrow by a centaur

Illustrated notes

Levels and vault maps discovered:
D:1:      psy_arrival_conway, layout_basic, interstate_on_off
D:2:      layout_loops_cross, shapermc_ecumenical_altar_petra,
          minmay_pentomino_u4
D:3:      layout_basic, mainiacjoe_overflow_alcove_4, uniq_grinder
D:4:      layout_cave_pools, mainiacjoe_overflow_catwalk_spiral, serial_shops,
          shop, uniq_pikel

Skill      XL: |  1  2  3  4  5  6 |
---------------+-------------------+-----
Axes           | 4 6 7 |  7.7
Fighting       | 4 5 |  5.2
Armour         | 3 4 5 |  5.2
Shields        | 4 |  4.0
Stealth        | 1 |  1.0
Dodging        | |  2.7

Action                     |  1- 3 |  4- 6 |  7- 9 || total
---------------------------+-------+-------+-------++-------
  Melee: Hand axe          |    55 |   113 |    15 ||   183
         Headbutt          |     5 |    13 |     1 ||    19
         Punch             |     1 |     2 |       ||     3
 Invoke: Berserk           |     1 |     1 |       ||     2
         Trog's Hand       |       |     2 |       ||     2
   Stab: Held in net/web   |       |     1 |       ||     1
 Armour: Animal skin       |     6 |       |       ||     6
         Plate armour      |    41 |    99 |     6 ||   146
  Dodge: Dodged            |    24 |    27 |     1 ||    52
  Block: Other             |    12 |    12 |       ||    24
         Tower shield      |       |    80 |    12 ||    92
         Reflection        |       |     3 |     2 ||     5
